 Dungeon Crawl Stone Soup version 0.21.1-1-g345015f (webtiles) character file.

4 Monsterracer the Chiller (level 1, 0/13 HPs)
             Began as a Human Ice Elementalist on Feb 6, 2018.
             Slain by a jackal (1 damage)
             ... on level 1 of the Dungeon.
             The game lasted 00:01:28 (320 turns).

Monsterracer the Chiller (Human Ice Elementalist)    Turns: 320, Time: 00:01:29

Health: 0/13       AC:  2    Str:  8    XL:     1   Next: 77%
Magic:  0/3        EV: 12    Int: 15    God:
Gold:   9          SH:  0    Dex: 13    Spells: 3/4 levels left

rFire    . . .     SeeInvis .   (no weapon)
rCold    . . .     Gourm    .   (no shield)
rNeg     . . .     Faith    .   a - +0 robe
rPois    .         Spirit   .   (no helmet)
rElec    .         Reflect  .   (no cloak)
rCorr    .         Harm     .   (no gloves)
MR       .....                  (no boots)
Stlth    ++........             (no amulet)
HPRegen  0.04/turn              (no ring)
MPRegen  0.08/turn              (no ring)

@: no status effects
A: no striking features
a: no special abilities


You were on level 1 of the Dungeon.
You were not hungry.

You visited 1 branch of the dungeon, and saw 1 of its levels.

You collected 9 gold pieces.

Inventory:

Armour
 a - a +0 robe (worn)
Potions
 d - a potion of might {unknown}
Books
 b - a book of Frost

   Spells                             Type                      Level
   a - Freeze                         Ice                          1
   b - Throw Frost                    Conjuration/Ice              2
   c - Ozocubu's Armour               Charms/Ice                   3
   d - Throw Icicle                   Conjuration/Ice              4
   e - Summon Ice Beast               Ice/Summoning                4
Comestibles
 c - a ration


   Skills:
 - Level 2.0 Dodging
 - Level 2.0 Stealth
 + Level 2.1 Spellcasting
   Level 1.0 Conjurations
 * Level 3.2 Ice Magic


You had 3 spell levels left.
You knew the following spells:

 Your Spells              Type           Power        Failure   Level  Hunger
a - Freeze                Ice            ##..         6%          1    #......


Dungeon Overview and Level Annotations

Branches:
Dungeon (1/15)

Altars:


Message History

You hit the ooze.
You kill the ooze!
Magic restored.
Key pressed, stopping explore.
HP restored.
You now have 9 gold pieces.
You open the door.
Found a robe.
Health restored: 13; MP restored: 3
There is an open door here.
You see here a robe.
You see here a robe.
There is an open door here.
You open the door.
There is an open door here.
Found a mace.
No target in view!
No target in view!
A jackal comes into view.
A jackal is nearby!
A jackal is nearby! 3 jackals come into view.
The jackal barks! x2
Casting: Freeze
Confirm with . or Enter, or press ? or * to list all spells.
Aiming: Freeze
Press: ? - help, Shift-Dir - straight line, f - jackal
Aim: a jackal You freeze the jackal.
The jackal is moderately wounded.
The jackal closely misses you.
You now have 2/3 mp.
Casting: Freeze
Confirm with . or Enter, or press ? or * to list all spells.
Aiming: Freeze
Press: ? - help, Shift-Dir - straight line, f - jackal, p - jackal
Aim: a jackal You freeze the jackal.
The jackal is moderately wounded.
The jackal bites you.
You take 3 damage, and have 10/13 hp.
MASSIVE DAMAGE!!
You now have 1/3 mp.
Casting: Freeze
Confirm with . or Enter, or press ? or * to list all spells.
Aiming: Freeze
Press: ? - help, Shift-Dir - straight line, f/p - jackal
Aim: a jackal (moderately wounded)
You freeze the jackal.
The jackal is severely wounded.
The jackal barks!
You hear a bark!
The jackal closely misses you.
You now have 0/3 mp.
You closely miss the jackal.
The jackal is severely wounded.
The jackal barely misses you. x2
You closely miss the jackal.
The jackal is severely wounded.
The jackal bites you.
You take 1 damage, and have 9/13 hp.
You closely miss the jackal.
The jackal is severely wounded.
The jackal closely misses you. The jackal misses you.
You hit the jackal but do no damage.
The jackal is heavily wounded.
The jackal bites you.
* * * LOW HITPOINT WARNING * * *
You take 3 damage, and have 6/13 hp.
MASSIVE DAMAGE!!
The jackal closely misses you. The jackal barely misses you.
You open the door. The jackal misses you. The jackal closely misses you.
There is an open door here.
Casting: Freeze
Confirm with . or Enter, or press ? or * to list all spells.
Aiming: Freeze
Press: ? - help, Shift-Dir - straight line, f - jackal, p - jackal
Aim: a jackal (moderately wounded)
You freeze the jackal.
The jackal is heavily wounded.
The jackal barely misses you.
You now have 0/3 mp.
There is an open door here.
You closely miss the jackal. The jackal misses you.
You hit the jackal but do no damage. The jackal barely misses you.
The jackal bites you.
* * * LOW HITPOINT WARNING * * *
The jackal bites you.
* * * LOW HITPOINT WARNING * * *
The jackal bites you but does no damage.
The jackal bites you.
* * * LOW HITPOINT WARNING * * *
You take 5 damage, and have 1/13 hp.
MASSIVE DAMAGE!!
You hit the jackal.
The jackal is moderately wounded.
The jackal closely misses you. x3
The jackal bites you but does no damage.
Unknown command.
You hit the jackal but do no damage.
The jackal is moderately wounded.
The jackal bites you but does no damage.
The jackal barely misses you. x2; The jackal bites you.
You die...

#.# #.# ######.## #.#
#....[..# #.# #.####.## #.#
#.# #.# #.# #.####'###### #.#
#.##........# #.#
#.##........###.###.#
#.##.......h@h......# ..
#.##.......h###.######### ..
#.#.........'.h..........
..###.#.........##h##........
......#.........##.#...######
#...............##.#.h##
#.....##........##.#.##
+.......(..........#h#
#....###############.#


You could see 3 jackals.

Vanquished Creatures
  An ooze (D:1)
1 creature vanquished.

Notes
Turn   | Place    | Note
-------+----------+-------------------------------------------
     0 | D:1      | Monsterracer the Human Ice Elementalist began the quest for the Orb.
     0 | D:1      | Reached XP level 1. HP: 13/13 MP: 3/3
    38 | D:1      | HP: 5/13 [ooze (4)]
   304 | D:1      | HP: 6/13 [jackal (3)]
   318 | D:1      | HP: 4/13 [jackal (2)]
   318 | D:1      | HP: 1/13 [jackal (1)]
   320 | D:1      | Slain by a jackal

Action                   || total
-------------------------++-------
Melee: Unarmed           ||    10
 Cast: Freeze            ||     7
Armor: Robe              ||     4
Dodge: Dodged            ||    19

Vault maps used:
D:1:      shiori_shiawase, minmay_cupped
